Map: Turbo Cruise '84 LE

Players

Szerspliex

  • Race: Zerg Zerg
  • League: Diamond
  • Spawn Location: 3:00

cjjoax - Winner!

  • Race: Protoss Protoss
  • League: Diamond
  • Spawn Location: 7:00

VOD

Have the link to the VOD?

Description

Time

  • Played on: Aug. 3, 2019, 10:53 p.m.
  • Length: 19:07
Show
View Real Time Build Order
Export as new Build Order

Szerspliex Zerg 

Build Orders: Hatch First 

Get SALT Encoding   

  12  0:01  Drone  
  13  0:12  Overlord  
  13  0:17  Drone  
  14  0:30  Drone x2  
  17  0:35  Drone  
  17  0:54  Hatchery  
  16  0:58  Drone  
  16  1:03  Drone  
  18  1:15  Spawning Pool  
  18  1:18  Extractor, Drone  
  16  1:23  Drone  
  18  1:32  Drone  
  19  1:52  Overlord  
  19  2:04  Queen  
  19  2:06  Queen  
  19  2:07  Drone x3  
  26  2:18  Drone x2  
  28  2:23  Drone  
  28  2:24  Metabolic Boost  
  29  2:35  Drone x2  
  31  2:46  Zergling x4  
  33  2:53  Drone x2  
  35  3:03  Evolution Chamber  
  35  3:04  Queen, Lair  
  36  3:07  Overlord x2  
  36  3:25  Roach Warren  
  35  3:30  Evolution Chamber  
  35  3:31  Drone x7  
  41  4:01  Drone x6  
  47  4:05  Glial Reconstitution  
  47  4:09  Extractor  
  46  4:11  Extractor, Drone  
  46  4:12  Drone x4  
  46  4:14  Zerg Missile Weapons Level 1  
  50  4:23  Roach  
  52  4:34  Overlord x2  
  52  4:48  Overlord x2  
  52  4:49  Overlord  
  52  4:58  Roach  
  52  4:59  Roach x3  
  60  5:12  Roach x2  
  60  5:13  Roach x3  
  70  5:23  Roach  
  70  5:25  Hatchery  
  69  5:31  Roach  
  69  5:32  Roach x3  
  77  5:38  Roach  
  79  5:45  Roach x2  
  83  5:58  Overlord x2  
  83  6:01  Overlord  
  83  6:14  Zerg Missile Weapons Level 2  
  83  6:15  Zerg Ground Armor Level 1  
  83  6:16  Queen x2  
  83  6:17  Drone x7  
  84  6:34  Roach  
  84  6:35  Roach x2  
  88  6:42  Roach  
  88  6:43  Roach  
  90  7:01  Roach x6  
  100  7:10  Hatchery  
  100  7:13  Queen x2  
  103  7:17  Roach  
  103  7:18  Roach  
  103  7:20  Hatchery  
  106  7:27  Roach  
  108  7:33  Spore Crawler, Drone  
  108  7:35  Overlord  
  108  7:36  Overlord  
  108  7:37  Overseer  
  108  7:43  Overlord  
  102  7:57  Roach x7  
  116  8:05  Drone x2  
  117  8:07  Drone x2  
  120  8:17  Spire  
  119  8:20  Infestation Pit  
  119  8:21  Drone x5  
  119  8:23  Extractor  
  119  8:24  Extractor  
  121  8:28  Hydralisk Den  
  116  8:59  Hydralisk x7  
  130  9:08  Drone  
  130  9:09  Drone x5  
  136  9:10  Overlord  
  136  9:11  Overlord x3  
  136  9:16  Hive  
  136  9:28  Hydralisk x4  
  144  9:44  Zerg Ground Armor Level 2  
  144  9:47  Extractor  
  143  10:05  Hydralisk x5  
  151  10:13  Hydralisk x2  
  151  10:14  Hydralisk  
  143  10:17  Drone x5  
  143  10:18  Drone x4  
  143  10:19  Drone x4  
  143  10:20  Drone x4  
  164  10:26  Muscular Augments  
  164  10:28  Hydralisk  
  164  10:29  Hydralisk  
  138  10:53  Hydralisk x7  
  146  10:58  Roach x2  
  146  11:01  Extractor x2  
  142  11:37  Zerg Missile Weapons Level 3, Grooved Spines  
  142  11:38  Roach  
  142  11:39  Roach x12  
  168  11:40  Overlord x5  
  168  12:05  Hydralisk x9  
  186  12:16  Corruptor x2  
  186  12:17  Corruptor  
  162  12:31  Roach x5  
  162  12:32  Roach x5  
  156  12:40  Hydralisk  
  156  12:42  Zergling x2  
  156  12:43  Zergling x18  
  156  12:46  Hydralisk  
  156  12:52  Roach  
  156  12:53  Roach  
  156  12:56  Greater Spire  
  162  12:58  Roach  
  162  12:59  Roach  
  162  13:03  Hatchery  
  162  13:04  Drone x2  
  165  13:10  Hatchery  
  164  13:16  Corruptor  
  164  13:17  Corruptor x2  
  164  13:19  Roach x5  
  130  13:41  Roach  
  130  13:42  Roach x10  
  130  13:48  Zergling x6  
  142  13:49  Zergling x2  
  142  13:55  Zergling x2  
  133  13:56  Zergling x6  
  133  13:57  Zergling x2  
  133  14:01  Zergling x4  
  113  14:09  Zergling x8  
  105  14:19  Zergling x4  
  105  14:20  Zergling x6  
  93  14:27  Brood Lord  
  93  14:30  Roach x2  
  99  14:35  Brood Lord  
  101  14:39  Extractor  
  101  14:40  Drone x2  
  101  14:43  Extractor  
  101  14:45  Hydralisk Den  
  100  14:46  Drone x2  
  100  14:47  Drone  
  100  14:48  Drone  
  104  14:54  Brood Lord  
  106  15:05  Drone x2  
  106  15:06  Drone x6  
  114  15:13  Zerg Flyer Weapons Level 1  
  114  15:21  Hatchery  
  113  15:24  Brood Lord  
  115  15:32  Roach  
  115  15:33  Roach x3  
  123  15:35  Overlord  
  123  15:48  Roach x6  
  123  15:49  Roach  
  137  15:56  Roach  
  138  15:57  Roach x3  
  140  16:07  Roach  
  140  16:08  Roach x5  
  146  16:12  Roach x2  
  146  16:13  Roach  
  146  16:15  Hydralisk  
  154  16:28  Roach  
  154  16:29  Roach x6  
  168  16:36  Roach  
  168  16:37  Roach x3  
  168  16:38  Roach  
  164  16:47  Roach x5  
  128  16:55  Roach x3  
  128  16:56  Roach x2  
  128  16:59  Roach  
  128  17:00  Roach x2  
  129  17:02  Hydralisk  
  129  17:08  Hydralisk x2  
  129  17:21  Hydralisk  
  129  17:22  Hydralisk x5  
  139  17:28  Hydralisk  
  139  17:29  Hydralisk x2  
  123  17:31  Hydralisk  
  115  17:40  Hydralisk x3  
  115  17:42  Hydralisk  
  121  17:45  Hydralisk  
  118  17:51  Hydralisk  
  118  17:52  Hydralisk  
  118  17:55  Hydralisk  
  124  18:01  Hydralisk  
  124  18:02  Hydralisk x2  
  124  18:06  Hydralisk  
  96  18:16  Zergling x14  
  96  18:18  Zergling x2  
  83  18:23  Zergling x4  
  82  18:30  Zergling x2  
  82  18:33  Zergling x2  
  82  18:34  Zergling x2  
  72  18:36  Zergling x2  
  72  18:37  Zergling x2  
  72  18:38  Zergling x4  
Show
View Real Time Build Order
Export as new Build Order

cjjoax Protoss - Winner!

Build Orders:  

Get SALT Encoding   

  12  0:01  Probe  
  13  0:13  Probe  
  14  0:22  Pylon  
  14  0:25  Probe  
  15  0:36  Probe  
  16  0:44  Probe  
  16  0:45  Gateway  
  17  0:51  Assimilator  
  17  0:55  Probe  
  18  1:04  Probe  
  18  1:08  Assimilator  
  19  1:12  Probe  
  20  1:23  Probe  
  21  1:40  Cybernetics Core  
  21  1:43  Probe  
  22  1:51  Nexus  
  22  1:55  Probe  
  23  2:02  Pylon  
  23  2:20  Zealot, Probe  
  26  2:26  Warp Gate  
  26  2:32  Probe  
  27  2:40  Probe  
  28  2:48  Sentry, Probe  
  30  2:54  Pylon  
  31  3:03  Probe  
  32  3:14  Sentry  
  32  3:18  Probe x2  
  36  3:30  Robotics Facility, Probe  
  36  3:31  Assimilator, Probe  
  38  3:36  Assimilator  
  38  3:40  Sentry, Pylon  
  40  3:42  Probe  
  40  3:43  Probe  
  42  3:54  Probe  
  42  3:55  Probe  
  44  4:06  Probe  
  44  4:07  Sentry, Probe  
  44  4:09  Gateway  
  48  4:10  Gateway  
  48  4:11  Gateway x2  
  48  4:18  Probe  
  48  4:19  Observer, Probe  
  51  4:33  Probe  
  51  4:34  Probe  
  53  4:39  Pylon  
  53  4:42  Immortal  
  53  4:45  Probe  
  58  4:54  Stalker  
  60  5:05  Stalker  
  60  5:06  Stalker  
  64  5:08  Stalker  
  64  5:09  Stalker  
  68  5:32  Pylon  
  68  5:33  Pylon  
  68  5:35  Pylon x2  
  68  5:38  Twilight Council  
  68  5:39  Forge  
  68  5:44  Forge  
  68  5:50  Immortal  
  68  5:53  Stalker x2  
  68  5:54  Stalker  
  68  5:56  Stalker  
  80  6:00  Zealot  
  80  6:30  Immortal  
  82  6:58  Blink  
  62  7:09  Immortal  
  62  7:10  Nexus  
  62  7:13  Stalker x4, Protoss Ground Armor Level 1  
  62  7:14  Stalker, Protoss Ground Weapons Level 1  
  76  7:25  Pylon  
  76  7:28  Assimilator  
  76  7:30  Assimilator  
  76  7:40  Sentry x5  
  86  7:50  Immortal  
  90  7:51  Pylon  
  90  8:02  Photon Cannon  
  90  8:12  Photon Cannon  
  90  8:14  Shield Battery  
  90  8:17  Photon Cannon  
  90  8:18  Pylon  
  90  8:19  Gateway  
  90  8:23  Gateway  
  90  8:24  Photon Cannon  
  91  8:27  Probe x3  
  93  8:53  Gateway  
  93  8:55  Gateway  
  93  8:58  Stalker  
  93  8:59  Stalker x3  
  93  9:00  Sentry  
  103  9:04  Gateway  
  103  9:10  Pylon  
  103  9:18  Templar Archives  
  103  9:19  Photon Cannon  
  103  9:32  Immortal  
  107  9:45  Photon Cannon  
  107  9:48  Shield Battery  
  107  9:50  Photon Cannon  
  107  9:51  Probe  
  107  9:52  Probe  
  109  9:58  Psionic Storm  
  109  10:11  High Templar  
  109  10:12  High Templar x6  
  109  10:13  High Templar  
  123  10:22  Photon Cannon  
  123  10:23  Archon x2  
  123  10:24  Archon x2  
  123  10:28  Immortal  
  127  10:47  Protoss Ground Armor Level 2  
  127  11:07  Pylon x2  
  127  11:11  Pylon  
  127  11:19  Pylon  
  127  11:20  Pylon  
  127  11:22  Pylon x2  
  127  11:23  Assimilator  
  127  11:24  Protoss Ground Weapons Level 2  
  127  11:25  Immortal  
  131  11:42  Pylon x3  
  131  11:44  Nexus  
  131  11:45  High Templar  
  131  11:47  Pylon, High Templar x3  
  135  11:48  High Templar  
  100  12:46  Stalker x3  
  100  12:47  Stalker x3  
  100  12:48  Stalker x2  
  116  13:01  Charge  
  116  13:09  Protoss Ground Armor Level 3  
  116  13:10  Stalker x2, Nexus  
  116  13:11  Stalker x4  
  116  13:12  Stalker  
  130  13:27  Immortal  
  117  13:50  Pylon  
  101  14:00  High Templar  
  93  14:03  High Templar x2  
  93  14:04  High Templar  
  93  14:06  Stalker x4  
  93  14:25  Immortal  
  93  14:28  Archon x2  
  97  14:34  Photon Cannon x2  
  97  14:36  Photon Cannon  
  97  14:37  Photon Cannon  
  97  14:40  Pylon  
  97  14:48  Probe x2  
  97  14:49  Probe x2  
  101  14:55  High Templar  
  101  14:56  High Templar x2  
  101  14:57  Pylon  
  101  14:58  Protoss Ground Weapons Level 3, High Templar  
  109  15:00  Archon  
  109  15:04  Archon  
  109  15:13  Probe  
  109  15:14  Probe x2  
  112  15:22  Sentry x3  
  112  15:23  Sentry  
  112  15:28  Assimilator  
  120  15:37  Observer  
  120  15:38  Robotics Bay  
  121  15:44  Zealot x2  
  121  15:45  Zealot x4  
  121  15:46  Zealot x2  
  137  16:16  Stalker x3  
  137  16:17  Stalker x5  
  153  16:25  Warp Prism  
  155  16:35  Photon Cannon  
  122  17:01  Colossus  
  120  17:29  Zealot x2  
  118  17:30  Zealot x4  
  118  17:31  Zealot  
  118  17:32  Zealot  
  126  17:53  Stalker x3  
  126  17:54  Stalker x4  
  126  17:55  Stalker, Colossus  
  124  18:37  High Templar  
  124  18:38  High Templar x3  
  124  18:39  High Templar x2  
  124  18:41  High Templar x2  
  136  18:55  Archon x2  
  136  18:56  Archon x2  
Tags
 
Add a new tag
Caveats
  • Supply blocks, unpowered buildings, or Contaminate may cause inaccurate times.
  • Supply counts are checked every 10 seconds.